 Dungeon Crawl Stone Soup version 0.18-b1-16-g289874d (webtiles) character file.

90 Wooh the Skirmisher (level 4, -4/41 HPs)
             Began as a Draconian Ice Elementalist on May 1, 2016.
             Slain by Sigmund
             ... wielding a +0 scythe
              (7 damage)
             ... on level 2 of the Dungeon.
             The game lasted 00:06:09 (2277 turns).

Wooh the Skirmisher (Draconian Ice Elementalist)    Turns: 2277, Time: 00:06:10

Health: -4/41      AC: 10    Str: 10    XL:     4   Next: 32%
Magic:  3/7        EV: 12    Int: 16    God:
Gold:   44         SH:  0    Dex: 12    Spells: 3 memorised, 1 level left

rFire  . . .     SeeInvis .     h - +0 whip
rCold  . . .     Gourm    .     (armour unavailable)
rNeg   . . .     Faith    .     (no shield)
rPois  .         Spirit   .     (helmet restricted)
rElec  .         Dismiss  .     (no cloak)
rCorr  .         Reflect  .     (no gloves)
SustAt .         Harm     .     (no boots)
MR     .....                    c - amulet of magic regeneration
Stlth  ++........               (no ring)
                                (no ring)

@: icy armour, slow, not resistant to hostile enchantments, unstealthy
A: unfitting armour, cold-blooded, AC +5
a: no special abilities


You were on level 2 of the Dungeon.
You were hungry.

You visited 1 branch of the dungeon, and saw 2 of its levels.

You collected 44 gold pieces.

Inventory:

Hand Weapons
 h - a +0 whip (weapon)
Missiles
 d - 49 stones (quivered)
Jewellery
 c - an amulet of magic regeneration (around neck)
 m - a +2 ring of intelligence {unknown}
 o - an uncursed amulet of inaccuracy
Scrolls
 e - a scroll of enchant weapon
 g - a scroll of fog {unknown}
 i - a scroll of amnesia {unknown}
 l - a scroll of identify
Potions
 j - a potion of curing {unknown}
 k - 2 potions of heal wounds {unknown}
Books
 a - a book of Frost

   Spells                             Type                      Level
   a - Freeze                         Ice                          1
   b - Throw Frost                    Conjuration/Ice              2
   c - Ozocubu's Armour               Charms/Ice                   3
   d - Throw Icicle                   Conjuration/Ice              4
   e - Summon Ice Beast               Ice/Summoning                4
Comestibles
 b - a bread ration
 f - a beef jerky
 n - a meat ration
 p - 2 chunks of flesh


   Skills:
 + Level 4.4 Fighting
 - Level 1.7 Dodging
 - Level 1.7 Stealth
 - Level 2.0 Spellcasting
 - Level 1.0 Conjurations
 - Level 3.0 Ice Magic


You had one spell level left.
You knew the following spells:

 Your Spells              Type           Power        Failure   Level  Hunger
a - Freeze                Ice            ##..         8%          1    #......
b - Throw Frost           Conj/Ice       #.....       14%         2    ###....
c - Ozocubu's Armour      Chrm/Ice       #.......     34%         3    ###....


Dungeon Overview and Level Annotations

Branches:
Dungeon (2/15)

Altars:
Nemelex Xobeh

Annotations:
D:2 Sigmund


Innate Abilities, Weirdness & Mutations

Your plain brown scales are hard (AC +5).
Your body does not fit into most forms of armour.
You are cold-blooded and may be slowed by cold attacks.


Message History

* * * LOW HITPOINT WARNING * * *
Casting: Freeze
Confirm with . or Enter, or press ? or * to list all spells.
Aiming: Freeze
Press: ? - help, Shift-Dir - straight line You freeze something.
Casting: Freeze
Confirm with . or Enter, or press ? or * to list all spells.
Aiming: Freeze
Press: ? - help, Shift-Dir - straight line You freeze something.
You are feeling hungry.
Something hits you!
* * * LOW HITPOINT WARNING * * *
Casting: Freeze
Confirm with . or Enter, or press ? or * to list all spells.
Aiming: Freeze
Press: ? - help, Shift-Dir - straight line You freeze something.
Something hits you!
You die...

.........# #.#.......#
.........# #.........#
.........# ###.......#
.........######.......#
......................#
$......K.######.......#
#S# ####.#### #{# #.#
#@# #.# #.# #.# #.# #.#
#.# #.# #.# #.# #.# #.#
#.##########.#
#....).......#
#.##########.#


You could see an adder and a kobold.

Vanquished Creatures
  2 adders (D:2)
  2 worms (D:2)
  2 dart slugs (D:1)
  4 giant geckos
  5 bats
  2 giant cockroaches (D:1)
  6 goblins
  4 hobgoblins
  7 jackals (D:1)
  8 kobolds
  A quokka (D:2)
  5 giant newts
  6 rats
54 creatures vanquished.

Notes
Turn   | Place    | Note
--------------------------------------------------------------
     0 | D:1      | Wooh the Draconian Ice Elementalist began the quest for the Orb.
     0 | D:1      | Reached XP level 1. HP: 14/14 MP: 3/3
    35 | D:1      | Reached skill level 1 in Fighting
    79 | D:1      | Reached XP level 2. HP: 5/24 MP: 1/5
   332 | D:1      | Learned a level 2 spell: Throw Frost
   346 | D:1      | Reached skill level 2 in Fighting
   551 | D:1      | Found a sparkling altar of Nemelex Xobeh.
   889 | D:1      | Reached XP level 3. HP: 29/30 MP: 6/6
   892 | D:1      | Reached skill level 3 in Fighting
  1223 | D:1      | Learned a level 3 spell: Ozocubu's Armour
  1518 | D:2      | Reached skill level 4 in Fighting
  1557 | D:2      | Reached XP level 4. HP: 39/40 MP: 5/7
  2262 | D:2      | Noticed Sigmund
  2277 | D:2      | Slain by Sigmund

Skill      XL: |  1  2  3 |
---------------+----------+-----
Fighting       | 1 2 4 |  4.4
Dodging        | |  1.7
Stealth        | |  1.7
Spellcasting   | |  2.0
Conjurations   | |  1.0
Ice Magic      | |  3.0

Action                   |  1- 3 |  4- 6 || total
-------------------------+-------+-------++-------
Melee: Unarmed           |    49 |       ||    49
       Tailslap          |    17 |     5 ||    22
       Whip              |   113 |    44 ||   157
 Cast: Freeze            |    20 |    10 ||    30
       Ozocubu's Armour  |     1 |     2 ||     3
  Use: Scroll            |       |     2 ||     2
 Stab: Sleeping          |     2 |     3 ||     5
  Eat: Chunk             |     2 |     3 ||     5
Armor: Skin              |    76 |    11 ||    87
Dodge: Dodged            |   144 |    28 ||   172
